Map: Deathaura LE

Players

Bombs

  • Race: Terran Terran
  • Spawn Location: 11:00

A.I. 2 (Elite) - Winner!

  • Race: Terran Terran
  • Spawn Location: 5:00

VOD

Have the link to the VOD?

Description

Time

  • Played on: July 8, 2020, 5:05 p.m.
  • Length: 11:01
Show
View Real Time Build Order
Export as new Build Order

Bombs Terran 

Build Orders: 1/1/1, Liberator Opening 

Get SALT Encoding   

  12  0:00  SCV  
  13  0:12  SCV  
  14  0:17  Supply Depot  
  14  0:25  SCV  
  14  0:27  Refinery  
  15  0:38  SCV  
  16  0:44  Barracks  
  16  0:51  SCV  
  16  0:55  Refinery  
  17  1:03  SCV  
  18  1:15  SCV  
  19  1:34  Barracks Reactor  
  19  1:35  Orbital Command  
  19  1:36  Factory  
  19  1:46  Supply Depot  
  20  2:01  SCV  
  20  2:11  Reaper x2  
  20  2:13  SCV  
  23  2:20  Hellion  
  23  2:21  Starport  
  25  2:26  SCV  
  26  2:30  Supply Depot  
  26  2:38  SCV  
  27  2:46  Reaper x2  
  27  2:47  Hellion  
  31  2:52  SCV  
  32  2:59  Liberator  
  32  3:03  Supply Depot  
  35  3:06  SCV  
  35  3:12  Hellion  
  38  3:19  SCV  
  39  3:25  Supply Depot, Reaper x2  
  41  3:31  SCV  
  42  3:34  Factory Tech Lab  
  42  3:48  Starport Tech Lab  
  42  3:52  SCV  
  42  3:54  Command Center  
  43  4:02  Siege Tank  
  46  4:05  SCV  
  47  4:10  Supply Depot  
  47  4:12  Marine  
  48  4:21  SCV  
  49  4:27  Raven  
  51  4:33  SCV  
  50  4:43  Marine x2  
  50  4:45  SCV  
  50  4:47  Supply Depot  
  48  4:56  Siege Tank  
  48  4:57  SCV  
  52  5:01  Marine  
  53  5:09  SCV, Orbital Command  
  49  5:21  SCV  
  49  5:27  Viking  
  49  5:28  Viking, Marine  
  54  5:32  Refinery  
  54  5:33  SCV  
  56  5:37  SCV  
  56  5:39  Siege Tank  
  60  5:45  SCV  
  60  5:49  SCV  
  59  5:56  Barracks x2  
  59  5:57  SCV, Marine  
  59  6:00  Stimpack  
  59  6:01  SCV  
  62  6:10  SCV  
  63  6:13  SCV  
  63  6:17  Command Center  
  64  6:21  Marine  
  64  6:22  SCV  
  64  6:23  Siege Tank  
  64  6:24  Supply Depot  
  69  6:25  SCV  
  70  6:33  Viking x2  
  70  6:34  SCV  
  70  6:38  SCV  
  70  6:39  Marine  
  77  6:43  Barracks Reactor  
  77  6:44  Barracks Reactor  
  77  6:46  SCV  
  78  6:49  Refinery  
  78  6:50  SCV  
  79  6:56  Engineering Bay x2  
  79  6:58  SCV  
  80  7:01  Marine  
  80  7:02  SCV  
  80  7:03  Viking x2  
  86  7:10  SCV  
  86  7:14  SCV  
  88  7:22  SCV, Supply Depot  
  89  7:23  Supply Depot, Terran Infantry Weapons Level 1, Terran Infantry Armor Level 1  
  89  7:26  SCV  
  89  7:27  Marine x4  
  89  7:29  Orbital Command  
  94  7:34  SCV  
  95  7:37  Refinery  
  95  7:38  SCV  
  95  7:39  Refinery  
  95  7:43  Marine  
  97  7:44  Marine, Siege Tank  
  97  7:46  SCV  
  97  7:50  SCV  
  103  7:57  SCV  
  104  7:58  SCV  
  104  8:00  Barracks  
  104  8:03  Barracks  
  105  8:07  Marine  
  105  8:08  Supply Depot x2, Marine x4, Factory  
  110  8:13  SCV  
  110  8:14  SCV x2  
  113  8:21  Supply Depot x2  
  113  8:25  SCV  
  113  8:26  Armory, Siege Tank  
  117  8:27  Combat Shield  
  117  8:32  SCV x2  
  117  8:34  Marine x5  
  120  8:37  SCV  
  125  8:41  Medivac x2  
  125  8:44  SCV  
  130  8:50  SCV  
  130  8:52  Factory Tech Lab  
  130  8:54  Barracks Reactor x2  
  131  8:56  Marine x5  
  136  9:03  Sensor Tower  
  136  9:12  Sensor Tower  
  136  9:14  Marine x3  
  136  9:17  Command Center  
  139  9:22  Siege Tank  
  139  9:23  SCV, Marine  
  144  9:24  Marine  
  143  9:32  Supply Depot  
  143  9:33  Supply Depot  
  143  9:39  Marine x5  
  143  9:41  Medivac x2  
  152  9:47  Sensor Tower  
  152  9:48  Supply Depot  
  152  9:49  Supply Depot  
  152  9:50  Siege Tank  
  151  10:07  Marine  
  151  10:08  Marine  
  151  10:09  Marine x6  
  151  10:11  Siege Tank  
  162  10:14  Supply Depot  
  162  10:17  Marine  
  163  10:22  Siege Tank  
  163  10:25  Marine  
  163  10:26  Marine x3  
  163  10:28  Refinery  
  170  10:31  Missile Turret  
  170  10:33  Refinery  
  170  10:41  Barracks x2  
  170  10:42  Factory  
  170  10:44  Barracks  
Show
View Real Time Build Order
Export as new Build Order

A.I. 2 (Elite) Terran - Winner!

Build Orders: 2 Factory, Command Center First (CC) 

Get SALT Encoding   

  12  0:00  SCV  
  13  0:13  SCV  
  14  0:18  Supply Depot  
  14  0:25  SCV  
  15  0:39  SCV  
  16  0:51  SCV  
  17  1:03  SCV, Command Center  
  18  1:17  SCV, Barracks  
  19  1:38  Refinery  
  19  1:51  Supply Depot  
  19  1:52  SCV  
  20  2:05  Refinery  
  20  2:06  Orbital Command, Marine  
  21  2:15  SCV  
  22  2:24  Marine  
  22  2:27  SCV  
  24  2:31  SCV  
  25  2:40  Orbital Command  
  25  2:41  Marine  
  26  2:47  Factory  
  26  2:48  SCV  
  26  2:59  Marine  
  26  3:01  SCV, Factory  
  28  3:06  SCV  
  29  3:13  SCV  
  29  3:17  Marine  
  29  3:18  SCV  
  32  3:22  Supply Depot  
  32  3:25  SCV  
  33  3:30  SCV  
  33  3:33  Factory Tech Lab  
  34  3:35  Marine  
  34  3:37  SCV  
  35  3:43  SCV  
  35  3:44  Factory Tech Lab  
  36  3:49  SCV  
  36  3:53  Marine  
  36  3:54  Siege Tank  
  36  3:55  SCV  
  42  3:57  Supply Depot  
  42  4:01  SCV  
  43  4:03  Siege Tank  
  43  4:07  SCV  
  47  4:13  SCV, Supply Depot, Marine  
  49  4:19  SCV  
  45  4:25  SCV  
  45  4:26  Siege Tank  
  45  4:31  SCV, Marine  
  47  4:35  Hellion  
  36  4:49  Marine  
  32  4:57  Hellion  
  28  5:07  Marine  
  27  5:08  SCV  
  29  5:14  SCV  
  29  5:20  SCV  
  31  5:24  Marine  
  31  5:26  SCV  
  33  5:40  Siege Tank  
  33  5:41  Refinery  
  33  5:42  Marine  
  36  5:48  Refinery  
  36  5:49  SCV  
  38  5:53  SCV  
  41  5:57  Hellion  
  41  6:00  Marine  
  41  6:01  SCV  
  42  6:06  SCV  
  43  6:13  SCV, Hellion  
  43  6:18  SCV, Marine  
  47  6:19  Siege Tank  
  51  6:27  SCV  
  51  6:31  SCV  
  53  6:36  Marine  
  53  6:38  Siege Tank  
  53  6:39  SCV  
  58  6:43  SCV  
  59  6:51  SCV  
  60  6:54  Barracks  
  60  6:55  SCV, Barracks Tech Lab  
  61  7:03  SCV  
  61  7:07  SCV  
  63  7:10  Supply Depot  
  63  7:15  SCV  
  64  7:19  SCV  
  65  7:27  SCV  
  65  7:29  Armory  
  66  7:31  SCV  
  67  7:38  Command Center  
  67  7:39  SCV  
  68  7:49  SCV  
  69  7:51  SCV  
  69  7:57  Supply Depot  
  70  8:01  SCV  
  70  8:03  SCV  
  72  8:08  Armory  
  72  8:13  SCV  
  72  8:15  SCV  
  72  8:17  Factory  
  72  8:18  Terran Vehicle Weapons Level 1  
  74  8:23  Siege Tank  
  74  8:25  SCV  
  78  8:29  SCV  
  78  8:30  Supply Depot  
  79  8:37  SCV, Siege Tank  
  83  8:42  SCV  
  83  8:46  Infernal Pre-Igniter  
  84  8:49  Marine  
  84  8:50  Marine  
  84  8:54  SCV  
  84  8:55  SCV x2  
  88  8:56  Hellion, Terran Vehicle And Ship Armor Level 1  
  88  9:01  Hellion  
  92  9:06  SCV  
  92  9:07  SCV, Marauder  
  92  9:08  SCV  
  97  9:13  Supply Depot  
  97  9:18  SCV  
  97  9:21  Engineering Bay  
  97  9:23  SCV  
  100  9:24  SCV  
  100  9:26  Marine  
  100  9:29  Marauder  
  100  9:30  SCV  
  103  9:35  SCV  
  104  9:39  SCV  
  104  9:40  Supply Depot  
  104  9:42  SCV  
  104  9:44  Engineering Bay  
  106  9:47  SCV  
  106  9:49  Missile Turret  
  106  9:50  Missile Turret, Marauder  
  106  9:51  SCV  
  110  9:54  SCV  
  110  9:58  Marine  
  110  9:59  SCV  
  106  10:03  Hellion  
  106  10:04  Orbital Command  
  106  10:05  Hellion  
  106  10:06  SCV  
  86  10:11  SCV, Marine  
  88  10:16  Marine  
  88  10:18  SCV  
  90  10:24  SCV, Starport, Siege Tank  
  90  10:26  Siege Tank  
  97  10:29  Marauder  
  97  10:33  Marine  
  97  10:35  Supply Depot, Hellion  
  102  10:45  Missile Turret  
  102  10:47  Missile Turret  
Tags
 
Add a new tag
Caveats
  • Supply blocks, unpowered buildings, or Contaminate may cause inaccurate times.
  • Supply counts are checked every 10 seconds.